 Dungeon Crawl Stone Soup version 0.31-a0-437-g7cee417757 (webtiles) character file.

Game seed: 15606398109685951285

14662 AdnanSaban the Basher (level 12, -1/77 HPs)
             Began as a Gargoyle Fighter on Aug 2, 2023.
             Was a High Priest of Okawaru.
             Killed from afar by a starcursed mass (9 damage)
             ... with an accursed screaming
             ... on level 2 of the Abyss.
             The game lasted 00:15:22 (11667 turns).

AdnanSaban the Basher (Gargoyle Fighter)           Turns: 11667, Time: 00:15:23

Health: -1/77      AC: 34    Str: 27    XL:     12   Next: 18%
Magic:  16/16      EV:  8    Int: 10    God:    Okawaru [*****.]
Gold:   661        SH: 10    Dex:  9    Spells: 11/11 levels left

rFire   . . .        K - -1 demon whip (venom)
rCold   . . .        c - +0 buckler
rNeg    + . .        m - +0 plate armour
rPois   ∞            o - +1 helmet
rElec   +            z - +0 cloak
rCorr   .            T - +0 pair of gloves {Str+3}
SInv    .            q - +0 pair of boots
Will    +....        U - amulet of reflection Stlth
                     p - ring of willpower
HPRegen 0.32/turn    H - +4 ring of protection
MPRegen 0.15/turn

%: reflection
@: no status effects
A: sickness immunity, AC +8, negative energy resistance 1, electricity
resistance, torment resistance 1, petrification resistance
a: Renounce Religion, Heroism, Finesse, Duel


You were on level 2 of the Abyss.
You worshipped Okawaru.
Okawaru was extremely pleased with you.
You visited 2 branches of the dungeon, and saw 12 of its levels.
You visited the Abyss 1 time.
You also visited: Sewer.

You collected 661 gold pieces.

Inventory:

Hand Weapons
 x - a +0 morningstar
 K - a -1 demon whip of venom (weapon)
Missiles
 s - 24 poisoned darts (quivered)
 L - 2 curare-tipped darts
 P - 4 javelins
 R - 2 atropa-tipped darts
 S - a boomerang
Armour
 c - a +0 buckler (worn)
 m - a +0 plate armour (worn)
 o - a +1 helmet (worn)
 q - a +0 pair of boots (worn)
 z - a +0 cloak (worn)
 T - a +0 pair of gloves of strength (worn)
Jewellery
 p - a ring of willpower (left hand)
 t - a ring of protection from cold
 D - a ring of fire
 H - a +4 ring of protection (right hand)
 O - a ring of protection from cold
 U - an amulet of reflection (around neck)
Wands
 C - a wand of roots (17)
 F - a wand of digging (8)
 M - a wand of flame (22)
Scrolls
 a - a scroll of torment {unknown}
 e - 4 scrolls of amnesia {unknown}
 f - 15 scrolls of identify {unknown}
 h - 4 scrolls of poison {unknown}
 i - 2 scrolls of revelation {unknown}
 n - 2 scrolls of blinking {unknown}
 v - 2 scrolls of teleportation {unknown}
 y - 2 scrolls of fog {unknown}
 A - a scroll of silence {unknown}
 B - a scroll of enchant armour {unknown}
 E - a scroll of vulnerability {unknown}
 Q - a scroll of enchant weapon {unknown}
Potions
 b - a potion of ambrosia {unknown}
 d - a potion of might
 g - 4 potions of enlightenment {unknown}
 j - 8 potions of curing {unknown}
 k - 3 potions of mutation {unknown}
 l - 2 potions of degeneration {unknown}
 r - 4 potions of lignification {unknown}
 u - 2 potions of haste {unknown}
 w - 5 potions of heal wounds {unknown}
 G - a potion of magic {unknown}
 I - a potion of attraction {unknown}
 J - a potion of brilliance {unknown}


   Skills:
 + Level 9.8 Fighting
 + Level 12.8 Maces & Flails
 + Level 0.4 Throwing
 + Level 10.3 Armour
 + Level 1.4 Dodging
 + Level 0.8 Stealth
 + Level 7.2 Shields
 + Level 6.0 Invocations


You had 11 spell levels left.
You didn't know any spells.
Your spell library contained the following spells:

 Spells                   Type           Power      Damage    Failure   Level
 Shock                    Conj/Air       0%         1d3       98%         1
 Sting                    Tmut/Pois      0%         1d3       98%         1
 Ensorcelled Hibernation  Hex/Ice        0%         N/A       99%         2
 Lesser Beckoning         Tloc           0%         N/A       99%         2
 Poisonous Vapours        Pois/Air       0%         N/A       99%         2
 Gell's Gravitas          Tloc           0%         N/A       100%        3
 Swiftness                Air            0%         N/A       100%        3
 Teleport Other           Tloc           0%         N/A       100%        3
 Airstrike                Air            0%         2d(0-16)  100%        4
 Anguish                  Hex/Necr       0%         N/A       100%        4
 Olgreb's Toxic Radiance  Pois           0%         N/A       100%        4


Dungeon Overview and Level Annotations

Branches:
Dungeon (11/15)            Temple (1/1) D:7            Lair (0/5) D:8
    Orc (0/2) D:9           Sewer (visited)

Altars:
Ashenzari
Cheibriados
Dithmenos
Elyvilon
Fedhas
Gozag
Hepliaklqana
Kikubaaqudgha
Makhleb
Nemelex Xobeh
Okawaru
Qazlal
Ru
Sif Muna
Trog
Uskayaw
Vehumet
Wu Jian
Xom
Yredelemnul
Zin
The Shining One

Annotations:
D:6 3 runed translucent doors, Tinttamiau's ghost, novice GnWn
D:11 Sonja


Innate Abilities, Weirdness & Mutations

You are immune to sickness and miasma.
Your stone body is resilient. (AC +8)
You are immune to poison.
You resist negative energy. (rN+)
You are resistant to electric shocks. (rElec)
You are resistant to unholy torment.
You are immune to petrification.


Message History

The starcursed mass is heavily damaged.
The starcursed mass shudders and is absorbed by its neighbour.
You whack the starcursed mass!
The starcursed mass is moderately damaged.
The starcursed mass shudders and is absorbed by its neighbour.
You hit the starcursed mass but do no damage.
You block the starcursed mass's attack.
You whack the starcursed mass!
The starcursed mass is heavily damaged.
The starcursed mass shudders and withdraws towards its neighbour. x3
You whack the starcursed mass!
You destroy the starcursed mass!
Okawaru accepts your kill.
You thrash the starcursed mass!!
The starcursed mass is heavily damaged.
The starcursed mass shudders and is absorbed by its neighbour.
A starcursed mass splits.
You whack the starcursed mass!
The starcursed mass is severely damaged.
The starcursed mass shudders and is absorbed by its neighbour.
A chorus of shrieks assaults your mind.
* * * LOW HITPOINT WARNING * * *
A starcursed mass splits.
You hit the starcursed mass but do no damage.
You whack the starcursed mass!
The starcursed mass is severely damaged.
The starcursed mass shudders and is absorbed by its neighbour.
A starcursed mass splits.
A starcursed mass splits.
A chorus of shrieks assaults your mind.
* * * LOW HITPOINT WARNING * * *
A starcursed mass splits.
You whack the starcursed mass!
The starcursed mass is severely damaged.
The starcursed mass shudders and is absorbed by its neighbour.
You hit the starcursed mass.
The starcursed mass is severely damaged.
The starcursed mass shudders and withdraws towards its neighbour.
A chorus of shrieks assaults your mind.
You die...

#~#. ~ ......
.
≈~..~≈~.....
. . .. #~..
~#...~. .
~♣~~.
~.......... #
~~.~~.#.....
. .
##~~...#..#.#
.. .###
#...##.....#
#..# . #
##.......#..#
.. #..
...#@#....#..
# #......#.#.
####.##
.#.....##X# #
# #.####.
.X### #.X.XX
# # . .....
#._#.#.....#
...#........#
#..####. .###


You could see 4 starcursed masses.

Vanquished Creatures
  5 two-headed ogres
  Erica (D:7)
  Amaemon (D:7)
  Maurice (D:9)
  An orange demon (D:8)
  A kobold demonologist (D:9)
  A komodo dragon (D:10)
  A polar bear (D:9)
  2 trolls (D:10)
  A shadow (D:11)
  A vampire (D:11)
  16 yaks
  6 wyverns
  2 basilisks
  3 wraiths (D:11)
  2 unseen horror simulacra (D:9)
  2 steam dragons
  5 water moccasins
  An acid dragon (D:9)
  Pargi (Sewer)
  3 ice beasts
  3 orc warriors
  3 black bears
  3 wolves
  2 phantoms (D:6)
  2 centaurs (D:9)
  4 kobold brigands
  6 bullfrogs
  A scorpion (D:5)
  2 electric eels (D:9)
  4 jellies
  3 gnoll boudas
  6 hounds
  A starcursed mass (Abyss:2)
  4 sleepcaps
  Terence (D:2)
  4 orc priests
  6 orc wizards
  5 iguanas
  11 adders
  13 gnolls
  A shadow imp (D:6)
  5 white imps
  An ufetubus (D:9)
  5 worms
  6 dart slugs
  24 orcs
  4 endoplasms
  9 giant cockroaches
  A hobgoblin (D:4)
  6 jackals
  14 kobolds
  9 quokkas
  7 ball pythons
  6 bats
  6 frilled lizards
  5 goblins
  5 rats
  A spectral orc (D:3)
256 creatures vanquished.

Vanquished Creatures (others)
  An orc wizard (D:5)
  An endoplasm (D:3)
2 creatures vanquished.

Grand Total: 258 creatures vanquished

Notes
Turn   | Place    | Note
-------+----------+-------------------------------------------
     0 | D:1      | AdnanSaban the Gargoyle Fighter began the quest for the
                  | Orb.
     0 | D:1      | Reached XP level 1. HP: 14/14 MP: 1/1
   142 | D:1      | Reached XP level 2. HP: 19/19 MP: 2/2
   836 | D:2      | Reached XP level 3. HP: 24/24 MP: 3/3
   963 | D:2      | Noticed Terence
   979 | D:2      | Killed Terence
  1102 | D:2      | Reached XP level 4. HP: 29/29 MP: 4/4
  1271 | D:2      | Reached skill level 3 in Maces & Flails
  1844 | D:3      | Found a glowing drain.
  1871 | Sewer    | Entered a sewer
  1942 | Sewer    | Noticed Pargi
  1965 | Sewer    | Killed Pargi
  1966 | Sewer    | Reached skill level 4 in Maces & Flails
  1966 | Sewer    | Reached XP level 5. HP: 31/33 MP: 5/5
  2045 | D:3      | Reached XP level 6. HP: 38/38 MP: 6/6
  2174 | D:3      | Found a basalt altar of Yredelemnul.
  2250 | D:3      | Noticed a steam dragon
  2260 | D:3      | Killed a steam dragon
  2261 | D:3      | Reached skill level 5 in Maces & Flails
  2414 | D:3      | Found Arozos's Book Boutique.
  2919 | D:4      | Reached XP level 7. HP: 26/44 MP: 7/7
  3096 | D:4      | Reached skill level 5 in Armour
  3844 | D:4      | Reached skill level 5 in Fighting
  3844 | D:4      | Reached skill level 6 in Maces & Flails
  4126 | D:5      | Entered Level 5 of the Dungeon
  4276 | D:5      | Reached XP level 8. HP: 40/49 MP: 8/8
  4383 | D:5      | Found an opulent altar of Gozag.
  4782 | D:5      | Reached skill level 7 in Maces & Flails
  5703 | D:6      | Reached skill level 8 in Maces & Flails
  6120 | D:6      | Found a runed translucent gate.
  6120 | D:6      | Found a runed translucent gate.
  6120 | D:6      | Found a runed translucent gate.
  6124 | D:6      | Noticed Tinttamiau's ghost (novice GnWn)
  6334 | D:7      | Noticed a wyvern
  6428 | D:7      | Reached XP level 9. HP: 54/55 MP: 9/9
  6466 | D:7      | Found a staircase to the Ecumenical Temple.
  6486 | Temple   | Entered the Ecumenical Temple
  6492 | Temple   | Became a worshipper of Warmaster Okawaru
  6666 | D:7      | Reached skill level 5 in Shields
  6931 | D:7      | Reached skill level 9 in Maces & Flails
  7292 | D:7      | Reached skill level 1 in Dodging
  7394 | D:7      | Reached * piety under Okawaru
  7598 | D:7      | Reached skill level 10 in Maces & Flails
  7664 | D:8      | Found a staircase to the Lair.
  7676 | D:8      | Reached XP level 10. HP: 61/61 MP: 10/10
  7683 | D:8      | Reached ** piety under Okawaru
  7878 | D:8      | Noticed a two-headed ogre
  8064 | D:8      | Found a faded altar of an unknown god.
  8064 | D:8      | Found a faded altar of an unknown god.
  8072 | D:8      | Found a shimmering blue altar of Sif Muna.
  8074 | D:8      | Found a radiant altar of Vehumet.
  8076 | D:8      | Found a glowing silver altar of Zin.
  8182 | D:8      | Noticed Erica
  8184 | D:8      | Noticed Amaemon
  8184 | D:8      | Noticed an orange demon
  8250 | D:7      | Killed Erica
  8251 | D:7      | Reached skill level 1 in Invocations
  8300 | D:7      | Killed Amaemon
  8300 | D:7      | Reached *** piety under Okawaru
  8301 | D:7      | Reached skill level 11 in Maces & Flails
  8355 | D:8      | Killed an orange demon
  8576 | D:9      | Noticed a kobold demonologist
  8634 | D:9      | Reached **** piety under Okawaru
  8777 | D:9      | Noticed a rust devil
  8780 | D:9      | Killed a kobold demonologist
  8781 | D:9      | Reached XP level 11. HP: 68/68 MP: 13/13
  8945 | D:9      | Identified the +0 ring mail "Nokiruss" {Contam rN+ Int+3}
  8993 | D:9      | Noticed Maurice
  9037 | D:9      | Killed Maurice
  9225 | D:9      | Reached skill level 12 in Maces & Flails
  9354 | D:9      | Found a staircase to the Orcish Mines.
  9376 | D:9      | Noticed a two-headed ogre
  9387 | D:9      | Killed a two-headed ogre
  9451 | D:9      | Reached ***** piety under Okawaru
  9681 | D:10     | Entered Level 10 of the Dungeon
  9779 | D:10     | Noticed a two-headed ogre
  9793 | D:10     | Killed a two-headed ogre
 10092 | D:10     | Received a gift from Okawaru
 10175 | D:10     | Reached skill level 5 in Invocations
 10790 | D:11     | Received a gift from Okawaru
 10951 | D:11     | Killed a two-headed ogre
 10952 | D:11     | Reached skill level 10 in Armour
 11179 | D:11     | Noticed a two-headed ogre
 11196 | D:11     | Killed a two-headed ogre
 11197 | D:11     | Reached XP level 12. HP: 24/76 MP: 5/16
 11384 | D:11     | Noticed a two-headed ogre
 11395 | D:11     | Killed a two-headed ogre
 11604 | D:11     | Noticed Sonja
 11607 | Abyss:2  | Cast into level 2 of the Abyss (Sonja)
 11629 | Abyss:2  | Found a corrupted altar of Lugonu.
 11632 | Abyss:2  | Noticed a starcursed mass
 11643 | Abyss:2  | Paralysed by accursed screaming for 2 turns
 11648 | Abyss:2  | Paralysed by accursed screaming for 1 turns
 11667 | Abyss:2  | Killed from afar by a starcursed mass

Illustrated notes

Levels and vault maps discovered:
D:1:      minmay_arrival_semitransparent, layout_loops_cross
D:2:      layout_loops_corners, uniq_terence
D:3:      layout_basic, yredelemnul_forgotten_temple_becter, serial_shops,
          nicolae_shop_trees, gup_sewer_entry_pipe
D:4:      layout_gridville, grunt_decor_one_mirror
D:5:      layout_loops_ring, mainiacjoe_overflow_tiny_flanked
D:6:      layout_loops_ring, biasface_ghost_orc_armoury, nicolae_benzene_ring
D:7:      layout_loops_cross, minmay_temple_entry_proselytizer
D:8:      layout_gridville, chequers_temple_overflow_minitemple,
          minmay_lair_entry_grove, uniq_amaemon, uniq_erica
D:9:      layout_roguey, orc_0_dummy, serial_ice, serial_ice_j, serial_ice_d,
          serial_ice_b, serial_ice_n, serial_ice_h, uniq_maurice
D:10:     layout_irregular_city, minmay_lizard_king
D:11:     layout_irregular_city, uniq_sonja
Temple:   sentei_temple_godly_chess
Abyss:2:  base: D:2, hangedman_decor_riveting

Skill      XL: |  1  2  3  4  5  6  7  8  9 10 11 12 |
---------------+-------------------------------------+-----
Maces & Flails | 4 5 6 8 10 11 12 | 12.8
Fighting       | 4 5 6 7 9 |  9.8
Armour         | 4 5 6 7 8 10 | 10.3
Shields        | 4 5 6 7 |  7.2
Dodging        | 1 |  1.4
Invocations    | 3 5 6 |  6.0
Throwing       | |  0.4
Stealth        | |  0.8

Action                     |  1- 3 |  4- 6 |  7- 9 | 10-12 || total
---------------------------+-------+-------+-------+-------++-------
  Melee: Flail             |   120 |   104 |       |       ||   224
         Morningstar       |       |    75 |   511 |    77 ||   663
         Demon whip        |       |       |       |   457 ||   457
  Throw: Dart              |       |     2 |       |     2 ||     4
 Armour: Scale mail        |    31 |       |       |       ||    31
         Plate armour      |    49 |   163 |   508 |   300 ||  1020
         Chain mail        |     7 |       |       |       ||     7
  Dodge: Dodged            |    29 |    56 |   172 |   124 ||   381
  Block: Buckler           |    27 |    54 |   122 |    88 ||   291

Table legend: (Time is in decaauts)
 A = Elapsed time spent in this place.
 B = Non-inter-level travel time spent in this place.
 C = Inter-level travel time spent in this place.
 D = Time resting spent in this place.
 E = Time spent auto-exploring this place.
 F = Levels seen in this place.
 G = Mean time per level.
                   A        B        C        D        E       F      G
               +--------+--------+--------+--------+--------+-----+--------+
         Total |  11650 |  11239 |    411 |    506 |   8085 |  14 |  832.1 |
       Dungeon |  11258 |  10847 |    411 |    348 |   7968 |  11 | 1023.5 |
        Temple |    170 |    170 |      0 |    158 |      0 |   1 |  170.0 |
         Abyss |     53 |     53 |      0 |      0 |     20 |   1 |   53.0 |
         Sewer |    169 |    169 |      0 |      0 |     96 |   1 |  169.0 |
               +--------+--------+--------+--------+--------+-----+--------+

Top non-repeatable levels by time:
     D:4: 1253 daAuts
     D:6: 1160 daAuts
     D:7: 1135 daAuts
     D:5: 1105 daAuts
     D:9: 1093 daAuts
     D:3: 1072 daAuts
     D:2: 1043 daAuts
    D:10: 995 daAuts
     D:8: 836 daAuts
    D:11: 825 daAuts
     D:1: 736 daAuts
  Temple: 170 daAuts
   Sewer: 169 daAuts
 Abyss:2: 53 daAuts
